 Dungeon Crawl Stone Soup version 0.27.1-35-g4d5d836560 (webtiles) character file.

Game seed: 12152168337011903072

2615 Delamore the Slicer (level 9, 0/54 HPs)
             Began as an Octopode Brigand on May 16, 2022.
             Slain by a centaur (4 damage)
             ... on level 7 of the Dungeon.
             The game lasted 00:07:33 (8889 turns).

Delamore the Slicer (Octopode Brigand)              Turns: 8889, Time: 00:07:33

Health: 0/54       AC:  1    Str: 10    XL:     9   Next: 60%
Magic:  9/9        EV: 13    Int: 14    God:
Gold:   353        SH:  0    Dex: 16    Spells: 8/8 levels left

rFire    . . .     SeeInvis .   r - +5 long sword (freeze)
rCold    . . .     Faith    .   (no shield)
rNeg     . . .     Spirit   .   (helmet restricted)
rPois    .         Reflect  .   (no amulet)
rElec    .         Harm     .   (no ring)
rCorr    .         Rampage  .   (no ring)
Will     .....                  (no ring)
Stlth    ++++......             (no ring)
HPRegen  0.18/turn              (no ring)
MPRegen  0.11/turn              (no ring)
                                (no ring)
                                (no ring)

@: no status effects
A: almost no armour, amphibious, 8 rings, camouflage 1, gelatinous body 1,
(nimble swimmer 1), tentacles
a: no special abilities


You were on level 7 of the Dungeon.
You visited 1 branch of the dungeon, and saw 7 of its levels.
You also visited: Sewer.

You collected 374 gold pieces.
You spent 21 gold pieces at shops.

Inventory:

Hand Weapons
 l - a +1 dagger of draining
 o - a +1 rapier of freezing
 r - a +5 long sword of freezing (weapon)
Missiles
 b - 10 poisoned darts
 c - 2 curare-tipped darts (quivered)
 h - 66 stones
Armour
 v - a +0 kite shield
Scrolls
 a - a scroll of silence
 d - a scroll of magic mapping
 e - 3 scrolls of fog
 f - 6 scrolls of teleportation
 i - a scroll of immolation
 n - a scroll of amnesia {unknown}
 q - 3 scrolls of summoning
 s - a scroll of blinking {unknown}
 u - a scroll of vulnerability {unknown}
 w - a scroll of brand weapon {unknown}
Potions
 g - 2 potions of degeneration
 j - a potion of curing
 k - a potion of cancellation {unknown}
 m - a potion of attraction {unknown}
 p - a potion of flight {unknown}
 t - 2 potions of brilliance {unknown}


   Skills:
 - Level 2.0 Fighting
 - Level 8.8(10.0) Short Blades
 + Level 7.5(9.4) Long Blades
 - Level 6.0 Throwing
 - Level 1.0 Dodging
 - Level 5.3 Stealth


You had 8 spell levels left.
You didn't know any spells.
Your spell library contained the following spells:

 Spells                   Type           Power      Damage    Failure   Level
 Summon Small Mammal      Summ           0%         N/A       28%         1
 Call Canine Familiar     Summ           0%         N/A       65%         3
 Summon Guardian Golem    Hex/Summ       0%         N/A       65%         3


Dungeon Overview and Level Annotations

Branches:
Dungeon (7/15)              Sewer (visited)
 Temple: D:4-7

Altars:
Cheibriados
Elyvilon
Makhleb
Qazlal
Trog
Uskayaw
Yredelemnul
The Shining One

Shops:
D:5 *


Innate Abilities, Weirdness & Mutations

You cannot wear most types of armour.
You are amphibious.
You can wear up to eight rings at the same time.
Your skin changes colour to match your surroundings (Stealth+).
Your rubbery body absorbs attacks. (AC +1, EV +1)
((You are camouflaged near water. (Stealth+)))
You have tentacles for arms and can constrict up to eight enemies at once.


Message History

You see here a +1 short sword of electrocution.
You start resting.
HP restored.
Items here: ))) รท.
You now have 353 gold pieces (gained 12).
Found an escape hatch in the floor.
You see here a +0 kite shield.
v - a +0 kite shield
w - a scroll labelled BUSYRO IRE
Found 22 bolts.
Found a scroll of summoning.
A centaur comes into view.
Found a robe.
The centaur shouts!
The centaur wields a +0 shortbow.
The centaur shoots an arrow.
The arrow hits you.
The centaur shoots an arrow.
The arrow barely misses you.
A centaur is nearby!
No target in view!
No target in view!
No target in view!
The centaur shoots an arrow.
The arrow hits you!
The centaur shoots an arrow.
The arrow hits you!
The centaur shoots an arrow.
The arrow hits you!
The centaur shoots an arrow.
The arrow hits you.
The centaur unwields a +0 shortbow.
The centaur hits you.
* * * LOW HITPOINT WARNING * * *
The centaur misses you.
You barely miss the centaur. You squeeze the centaur.
The centaur is lightly wounded.
The centaur hits you.
* * * LOW HITPOINT WARNING * * *
The centaur kicks you.
* * * LOW HITPOINT WARNING * * *
You hit the centaur. You freeze the centaur.
You squeeze the centaur, but do no damage.
The centaur is moderately wounded.
The centaur barely misses you. The centaur kicks you.
* * * LOW HITPOINT WARNING * * *
The centaur hits you.
You die...

.........##..#.#..........
.........###.###>.........
......?.##...# ##.....###.
.....#.....## #####..# #.
.....#....###..# #..# #.
................. ..## ##
...##.(........# #
###...##...# # #..@# #..#
##..c....# #....#....
......# .. ..##..... ...
#..... .... ...#.. #....
.#.##.


You could see a centaur.

Vanquished Creatures
  Sigmund (D:2)
  Eustachio (D:4)
  A steam dragon (D:7)
  Menkaure (D:4)
  Edmund (D:6)
  A hornet zombie (D:6)
  A sky beast (D:6)
  Purgy (Sewer)
  A black bear (D:6)
  2 necrophages
  An ogre (D:5)
  A centaur (D:6)
  A kobold brigand (D:7)
  3 scorpions
  A wyvern skeleton (D:6)
  8 wights
  A howler monkey (D:6)
  2 bullfrog zombies (D:6)
  A human zombie (D:6)
  2 bullfrog skeletons
  A hound (D:5)
  A jelly (D:3)
  Jessica (D:2)
  A centaur skeleton (D:4)
  3 iguanas
  A killer bee zombie (D:6)
  A hound skeleton (D:4)
  2 mummies (D:6)
  A river rat (D:5)
  8 adders
  A shadow imp (D:6)
  An ufetubus (D:6)
  3 worms
  3 dart slugs
  8 orcs
  8 ball pythons
  7 bats
  5 endoplasms
  5 giant cockroaches
  9 goblins
  5 hobgoblins
  6 jackals
  13 kobolds
  3 quokkas (D:1)
  A frilled lizard (D:2)
  7 rats
137 creatures vanquished.

Vanquished Creatures (others)
  3 kobolds (D:7)
3 creatures vanquished.

Grand Total: 140 creatures vanquished

Notes
Turn   | Place    | Note
-------+----------+-------------------------------------------
     0 | D:1      | Delamore the Octopode Brigand began the quest for the Orb.
     0 | D:1      | Reached XP level 1. HP: 14/14 MP: 1/1
   412 | D:1      | Reached XP level 2. HP: 19/19 MP: 2/2
   858 | D:1      | Reached skill level 3 in Short Blades
   960 | D:1      | Reached XP level 3. HP: 21/24 MP: 3/3
  1241 | D:2      | Noticed Sigmund
  1262 | D:2      | Killed Sigmund
  1263 | D:2      | Reached skill level 4 in Short Blades
  1263 | D:2      | Reached XP level 4. HP: 9/29 MP: 4/4
  1263 | D:2      | Reached XP level 5. HP: 11/34 MP: 5/5
  1835 | D:2      | Noticed Jessica
  1844 | D:2      | Killed Jessica
  1845 | D:2      | Reached skill level 5 in Short Blades
  2112 | D:2      | Reached XP level 6. HP: 39/39 MP: 6/6
  2738 | D:3      | Found a hide-covered altar of Uskayaw.
  2963 | D:3      | Found a glowing golden altar of the Shining One.
  3557 | D:4      | Found a bloodstained altar of Trog.
  3664 | D:4      | Noticed Menkaure
  3667 | D:4      | Killed Menkaure
  3668 | D:4      | Reached skill level 6 in Short Blades
  3668 | D:4      | Reached XP level 7. HP: 45/45 MP: 7/7
  4179 | D:4      | Noticed Eustachio
  4186 | D:4      | Killed Eustachio
  4187 | D:4      | Reached skill level 7 in Short Blades
  4187 | D:4      | Reached skill level 5 in Throwing
  4242 | D:5      | Entered Level 5 of the Dungeon
  4345 | D:5      | Reached XP level 8. HP: 44/50 MP: 8/8
  4459 | D:5      | Found a glowing drain.
  4508 | Sewer    | Entered a sewer
  4710 | Sewer    | Noticed Purgy
  4712 | Sewer    | Killed Purgy
  4713 | Sewer    | Reached skill level 8 in Short Blades
  5141 | D:5      | Found Ungem's CLEARANCE SALE! EVERYTHING MUST GO!.
  5151 | D:5      | Bought a potion of curing for 21 gold pieces
  6269 | D:6      | Reached skill level 1 in Long Blades
  6600 | D:6      | Found a snail-covered altar of Cheibriados.
  6901 | D:6      | Noticed Edmund
  6941 | D:6      | Killed Edmund
  6942 | D:6      | Reached XP level 9. HP: 46/54 MP: 9/9
  7132 | D:6      | Found a basalt altar of Yredelemnul.
  7303 | D:6      | Reached skill level 5 in Long Blades
  7777 | D:6      | Found a white marble altar of Elyvilon.
  7786 | D:6      | Found a burning altar of Makhleb.
  8574 | D:7      | Found a stormy altar of Qazlal.
  8889 | D:7      | Slain by a centaur

Illustrated notes

Levels and vault maps discovered:
D:1:      wander_arrival_peaceful_grave, layout_loops_ring, serial_forest,
          infiniplex_forest_zigzag_1, infiniplex_forest_end_double,
          infiniplex_forest_side_room, infiniplex_forest_clump_small,
          infiniplex_forest_pool, st_stairs_9, roderic_lattice_a,
          serial_park_tiny_2
D:2:      layout_basic, uniq_sigmund, uniq_jessica
D:3:      layout_loops_ring, old_standard_altar, amcnicky_altar_gilded,
          st_stairs_5
D:4:      layout_loops_cross, mainiacjoe_overflow_cross_hatched, uniq_menkaure,
          uniq_eustachio
D:5:      layout_basic, portal_sewer_entry_e, nicolae_shop_clearance
D:6:      layout_basic, lemuel_mausoleum_altar_yredelemnul,
          kennysheep_slug_shrine, mainiacjoe_overflow_swirl, uniq_edmund
D:7:      layout_cave_pools, grunt_temple_overflow_forces_of_nature, temple_hall

Skill      XL: |  1  2  3  4  5  6  7  8  9 |
---------------+----------------------------+-----
Short Blades   | 3 4 5 6 7 8 |  8.8
Throwing       | 3 4 5 6 |  6.0
Long Blades    | 4 7 |  7.5
Fighting       | |  2.0
Dodging        | |  1.0
Stealth        | |  5.3

Action                   |  1- 3 |  4- 6 |  7- 9 || total
-------------------------+-------+-------+-------++-------
Melee: Dagger            |    43 |    69 |    91 ||   203
       Constrict         |    10 |    13 |    36 ||    59
       Tentacles         |     6 |    12 |    43 ||    61
       Long sword        |       |       |    89 ||    89
Throw: Dart              |     5 |       |     3 ||     8
       Stone             |       |    25 |    31 ||    56
  Use: Scroll            |       |     4 |     4 ||     8
       Potion            |       |       |     3 ||     3
 Stab: Sleeping          |    10 |    18 |    36 ||    64
Armor: Skin              |     3 |     1 |     3 ||     7
Dodge: Dodged            |    17 |    24 |    72 ||   113
       Rpst.: Long sword |       |       |     9 ||     9
